 Dungeon Crawl Stone Soup version 0.30.0-20-g3b4254fcbd (webtiles) character file.

Game seed: 14215137856875531655

350 Graphine the Chopper (level 6, -2/53 HPs)
             Began as a Hill Orc Fighter on June 2, 2023.
             Was a Follower of Beogh.
             Slain by Duvessa
             ... wielding a +0 short sword of speed
              (9 damage)
             ... on level 4 of the Dungeon.
             The game lasted 00:07:30 (3464 turns).

Graphine the Chopper (Hill Orc Fighter)             Turns: 3464, Time: 00:07:31

Health: -2/53      AC:  8    Str: 21    XL:     6   Next: 61%
Magic:  8/8        EV:  9    Int:  8    God:    Beogh [*.....]
Gold:   142        SH:  4    Dex: 10    Spells: 5/5 levels left

rFire   + . .        a - +1 war axe
rCold   + . .        c - +0 buckler
rNeg    . . .        b - +0 scale mail
rPois   +            (no helmet)
rElec   +            (no cloak)
rCorr   +            (no gloves)
SInv    .            k - +0 pair of boots
Will    .....        (no amulet) Stlth
                     (no ring)
HPRegen 0.28/turn    (no ring)
MPRegen 0.11/turn

%: no passive effects
@: resistant, flying
A: no striking features
a: Renounce Religion


You were on level 4 of the Dungeon.
You worshipped Beogh.
Beogh was aware of your devotion.
You visited 1 branch of the dungeon, and saw 4 of its levels.

You collected 142 gold pieces.

Inventory:

Hand Weapons
 a - a +1 war axe (weapon)
 h - a +2 mace of protection
Missiles
 g - 2 throwing nets (quivered)
 r - 2 atropa-tipped darts
Armour
 b - a +0 scale mail (worn)
 c - a +0 buckler (worn)
 k - a +0 pair of boots (worn)
Wands
 n - a wand of flame (38)
Scrolls
 e - 4 scrolls of identify
 i - a scroll of fog
Potions
 l - a potion of lignification {unknown}
 m - 3 potions of curing {unknown}
 p - a potion of berserk rage {unknown}
 q - a potion of degeneration {unknown}
 s - a potion of brilliance {unknown}
 t - a potion of heal wounds {unknown}


   Skills:
 + Level 4.7 Fighting
 * Level 5.5 Axes
 + Level 4.3 Armour
 + Level 4.4 Shields
 + Level 3.2 Invocations


You had 5 spell levels left.
You didn't know any spells.
Your spell library contained the following spells:

 Spells                   Type           Power      Damage    Failure   Level
 Apportation              Tloc           0%         N/A       80%         1
 Magic Dart               Conj           0%         1d3       80%         1
 Call Imp                 Summ           0%         N/A       91%         2
 Static Discharge         Conj/Air       0%         2-2/arc   91%         2
 Mephitic Cloud           Conj/Pois/Air  0%         N/A       99%         3
 Airstrike                Air            0%         2d(0-16)  100%        4
 Summon Lightning Spire   Summ/Air       0%         N/A       100%        4
 Alistair's Intoxication  Tmut/Pois      0%         N/A       100%        5


Dungeon Overview and Level Annotations

Branches:
Dungeon (4/15)
 Temple: D:4-7

Altars:
Fedhas
Kikubaaqudgha

Annotations:
D:4 Dowan, Duvessa


Message History

You throw an atropa-tipped dart.
The atropa-tipped dart barely misses Duvessa.
The atropa-tipped dart closely misses Dowan.
Throw: 3 darts (atropa)
Press: ? - help, Shift-Dir - straight line, f/p - Dowan
Aim: Dowan, wielding a +0 dagger and wearing a +2 robe of willpower (46% to hit, chance to blind on hit: 75%)
You throw an atropa-tipped dart. The atropa-tipped dart hits Duvessa.
Duvessa resists.
Duvessa hits you with a +0 short sword of speed.
You block Duvessa's attack.
Duvessa hits you with a +0 short sword of speed.
You closely miss Duvessa.
Duvessa hits you with a +0 short sword of speed.
You slash Dowan!
Dowan is heavily wounded.
You hit Duvessa but do no damage.
Duvessa hits you with a +0 short sword of speed!
Duvessa closely misses you. Dowan hits you with a +0 dagger.
Duvessa hits you with a +0 short sword of speed.
You completely miss Dowan.
Dowan is heavily wounded.
You hit Duvessa.
Duvessa hits you with a +0 short sword of speed!
* * * LOW HITPOINT WARNING * * *
Dowan hits you but does no damage.
Duvessa hits you with a +0 short sword of speed.
* * * LOW HITPOINT WARNING * * *
Okay, then.
Okay, then.
It was a potion of magic.
Magic courses through your body. You block Duvessa's attack.
Dowan gestures wildly while chanting.
Dowan blinks!
Duvessa misses you.
Duvessa hits you with a +0 short sword of speed.
* * * LOW HITPOINT WARNING * * *
It was a potion of flight.
You feel very buoyant.
You fly up into the air.
You block Duvessa's attack.
Duvessa hits you with a +0 short sword of speed!
You die...

#.#.#####.#....#.......#......
#.#........(..(#.⌠.⌠.⌠.#......
#.######.#######.......#......
#..........(.# #<......'......
############.##.#
#..^...†#...... ......#
#>##.###.⌠.⌠.⌠.####### #####.#
#.##.#.#.......#.# ## #.#
#.##§#.#########.# .# #.#
#.##e@...........# .#
#.######.####...........# .#
#........#...e..........#####
.#
########.#.###.#.#........[..
.# #....#.#...#.#...##+##..#
.# #.##.#.###.#.#..##...##.#
.# #.##.#.#...#.#..#..#..#.#
.# #......#.###.#..#.#.#.#..
## ####.###.###.#..'..#..'..


You could see Duvessa (fast) and Dowan.

Vanquished Creatures
  An ogre (D:4)
  A scorpion (D:4)
  Terence (D:2)
  An iguana (D:4)
  A sleepcap (D:4)
  An orc wizard (D:3)
  3 adders
  2 dart slugs
  11 orcs
  2 endoplasms (D:1)
  4 giant cockroaches
  10 goblins
  6 hobgoblins
  A jackal (D:3)
  4 quokkas
  4 ball pythons
  9 bats
  3 frilled lizards
  4 kobolds
  5 rats
74 creatures vanquished.

Vanquished Creatures (others)
  An orc (D:3)
  An endoplasm (D:3)
  3 jackals (D:3)
5 creatures vanquished.

Grand Total: 79 creatures vanquished

Notes
Turn   | Place    | Note
-------+----------+-------------------------------------------
     0 | D:1      | Graphine the Hill Orc Fighter began the quest for the Orb.
     0 | D:1      | Reached XP level 1. HP: 19/19 MP: 1/1
   143 | D:1      | Reached skill level 3 in Axes
   143 | D:1      | Reached XP level 2. HP: 24/27 MP: 2/2
   454 | D:1      | Reached skill level 1 in Invocations
   489 | D:1      | Reached XP level 3. HP: 33/33 MP: 3/3
   911 | D:2      | Found an ancient bone altar of Kikubaaqudgha.
  1025 | D:2      | Noticed Terence
  1038 | D:2      | Killed Terence
  1039 | D:2      | Reached XP level 4. HP: 32/40 MP: 5/5
  1487 | D:3      | Became a worshipper of Beogh the Brigand
  1499 | D:3      | Reached skill level 4 in Axes
  1599 | D:3      | Found a faded altar of an unknown god.
  1851 | D:3      | Reached * piety under Beogh
  1920 | D:3      | Found a blossoming altar of Fedhas.
  1930 | D:3      | Reached XP level 5. HP: 39/46 MP: 6/6
  2377 | D:4      | Noticed Dowan
  2378 | D:4      | Noticed Duvessa
  2705 | D:4      | Noticed an ogre
  2711 | D:4      | Killed an ogre
  2712 | D:4      | Reached skill level 5 in Axes
  2712 | D:4      | Reached XP level 6. HP: 53/53 MP: 6/8
  3464 | D:4      | Slain by Duvessa

Illustrated notes

Levels and vault maps discovered:
D:1:      wander_arrival_abandoned_jail, layout_basic
D:2:      layout_loops_cross, basic_altar, uniq_terence
D:3:      layout_basic, mainiacjoe_overflow_catwalk,
          ebering_ecumenical_altar_hall
D:4:      layout_basic, grunt_ministairs_3, minmay_box_of_dots, uniq_duvessa

Skill      XL: |  1  2  3  4  5  6 |
---------------+-------------------+-----
Axes           | 3 4 5 |  5.5
Invocations    | 1 2 3 |  3.2
Fighting       | 4 |  4.7
Shields        | 4 |  4.4
Armour         | 4 |  4.3

Action                     |  1- 3 |  4- 6 || total
---------------------------+-------+-------++-------
  Melee: War axe           |    90 |   142 ||   232
  Throw: Dart              |       |     7 ||     7
         Throwing net      |       |     2 ||     2
 Invoke: Convert to Beogh  |       |     1 ||     1
    Use: Scroll            |       |     7 ||     7
         Potion            |       |     4 ||     4
   Stab: Invisible         |       |     3 ||     3
 Armour: Scale mail        |    40 |    79 ||   119
  Dodge: Dodged            |    53 |    64 ||   117
  Block: Buckler           |    20 |    33 ||    53
